 Dungeon Crawl Stone Soup version 0.20-b1-24-gb21faa7 (webtiles) character file.

814 Gorglomux the Skirmisher (level 7, -6/64 HPs)
             Began as a Minotaur Fighter on May 25, 2017.
             Was an Initiate of Makhleb.
             Mangled by Sigmund
             ... wielding a +2 scythe of protection
              (14 damage)
             ... on level 6 of the Dungeon.
             The game lasted 00:01:54 (2997 turns).

Gorglomux the Skirmisher (Minotaur Fighter)         Turns: 2997, Time: 00:01:55

Health: -6/64      AC:  4    Str: 20    XL:     7   Next: 62%
Magic:  6/6        EV:  9    Int:  5    God:    Makhleb [......]
Gold:   65         SH: 12    Dex: 12    Spells: 6/6 levels left

rFire    . . .     SeeInvis .   a - +0 war axe
rCold    . . .     Gourm    .   c - +2 shield
rNeg     . . .     Faith    .   b - +0 scale mail
rPois    .         Spirit   .   (helmet restricted)
rElec    .         Reflect  .   (no cloak)
rCorr    .         Harm     .   (no gloves)
MR       .....                  (no boots)
Stlth    ..........             (no amulet)
Regen    0.2/turn               X - -2 ring of protection (curse)
MPRegen  0.1/turn               (no ring)

@: drained
A: retaliatory headbutt, horns 2
a: Renounce Religion


You were on level 6 of the Dungeon.
You worshipped Makhleb.
Makhleb was noncommittal.
You were near starving.

You visited 1 branch of the dungeon, and saw 6 of its levels.

You collected 65 gold pieces.

Inventory:

Hand Weapons
 a - a +0 war axe (weapon)
Armour
 b - a +0 scale mail (worn)
 c - a +2 shield (worn)
Jewellery
 X - a cursed -2 ring of protection (left hand)
Scrolls
 m - a scroll of amnesia {unknown}
 p - a scroll of magic mapping {unknown}
 q - a scroll of recharging {unknown}
 C - a scroll of immolation
 S - a scroll of enchant weapon {unknown}
 T - 4 scrolls of teleportation
 V - a scroll of blinking {unknown}
 W - a scroll of remove curse {unknown}
Potions
 d - 2 potions of might
 j - a potion of lignification
 A - a potion of brilliance
 B - a potion of agility
 D - 2 potions of degeneration
 Q - a potion of curing
 Y - a potion of heal wounds
 Z - a potion of invisibility {unknown}
Comestibles
 f - a bread ration
 i - 2 royal jellies
 n - 2 fruits
 z - 2 meat rations


   Skills:
 + Level 6.4(6.1) Fighting
 + Level 5.4(5.1) Axes
 - Level 3.6(3.2) Armour
 + Level 4.3(3.9) Dodging
 + Level 6.3(5.9) Shields


You had 6 spell levels left.
You didn't know any spells.

Dungeon Overview and Level Annotations

Branches:
Dungeon (6/15)
 Temple: D:4-7

Altars:
Dithmenos
Fedhas
Makhleb
Nemelex Xobeh
Ru

Shops:
D:6 %

Annotations:
D:3 FakerFangirl's ghost, amateur DrFi
D:6 Sigmund


Innate Abilities, Weirdness & Mutations

You reflexively headbutt those who attack you in melee.
You have a pair of horns on your head.


Message History

There is an entrance to Kioruyc's Food Emporium here.
Sigmund casts a spell.
Sigmund flickers and vanishes!
Deactivating autopickup; reactivate with Ctrl-A.
You start resting.
Something hits you but does no damage.
You barely miss something. Something hits you!
You miss something. Something hits you!
* * * LOW HITPOINT WARNING * * *
You miss something. You block something's attack.
You closely miss something. You headbutt something. Something hits you.
* * * LOW HITPOINT WARNING * * *
You barely miss something. You barely miss something.
You block something's attack.
Your shield and scale mail prevent you from hitting something.
Something hits you!
* * * LOW HITPOINT WARNING * * *
You closely miss something. Something completely misses you.
You miss something. Your headbutt misses something. Something hits you!
You die...

#. # .. .###. #...
... #.# # .
####.##.# .
#.......#
#.##.##@#### #
#.#...#{###....
#.............#
###...#####.##. .
#...# .# ..
######)..#####.##.#.
#..........∩........
................[..
............)###..#


There were no monsters in sight!

Vanquished Creatures
  4 ogres
  A scorpion (D:4)
  5 wights (D:6)
  A centaur zombie (D:4)
  2 hounds
  2 worker ants (D:4)
  An orc wizard (D:3)
  2 adders
  3 leopard geckos
  2 orcs (D:3)
  4 bats (D:2)
  6 goblins
  6 hobgoblins
  8 jackals (D:3)
  A quokka (D:3)
  2 frilled lizards
  2 kobolds (D:3)
  7 rats
59 creatures vanquished.

Notes
Turn   | Place    | Note
-------+----------+-------------------------------------------
     0 | D:1      | Gorglomux the Minotaur Fighter began the quest for the Orb.
     0 | D:1      | Reached XP level 1. HP: 19/19 MP: 0/0
    14 | D:1      | You fall through a shaft!
    43 | D:2      | Reached XP level 2. HP: 12/27 MP: 1/1
   585 | D:2      | Reached XP level 3. HP: 33/33 MP: 2/2
   664 | D:3      | Noticed FakerFangirl's ghost (amateur DrFi)
   961 | D:3      | Found a blossoming altar of Fedhas.
   974 | D:3      | Found a sacrificial altar of Ru.
   977 | D:3      | Found a sparkling altar of Nemelex Xobeh.
   981 | D:3      | Reached skill level 1 in Dodging
  1113 | D:3      | Reached skill level 3 in Axes
  1334 | D:3      | Reached XP level 4. HP: 34/41 MP: 3/3
  1388 | D:3      | Found a burning altar of Makhleb.
  1487 | D:3      | Became a worshipper of Makhleb the Destroyer
  1538 | D:3      | HP: 1/41 [FakerFangirl's ghost (12)]
  1757 | D:4      | Reached XP level 5. HP: 25/47 MP: 4/4
  1893 | D:4      | Noticed an ogre
  1898 | D:4      | Killed an ogre
  1944 | D:4      | Noticed an ogre
  1949 | D:4      | Killed an ogre
  1949 | D:4      | Reached skill level 3 in Dodging
  1949 | D:4      | Reached XP level 6. HP: 41/56 MP: 5/5
  1965 | D:4      | Found a shadowy altar of Dithmenos.
  2398 | D:4      | Reached XP level 7. HP: 57/62 MP: 6/6
  2544 | D:5      | Entered Level 5 of the Dungeon
  2825 | D:6      | Reached skill level 6 in Fighting
  2828 | D:6      | Reached skill level 6 in Shields
  2907 | D:6      | Found Kioruyc's Food Emporium.
  2972 | D:6      | Noticed Sigmund
  2997 | D:6      | Mangled by Sigmund

Skill      XL: |  1  2  3  4  5  6  7 |
---------------+----------------------+-----
Fighting       | 4 5 6 |  6.4
Shields        | 4 5 6 |  6.3
Dodging        | 1 2 3 4 |  4.3
Axes           | 3 4 5 |  5.4
Armour         | |  3.6

Action                   |  1- 3 |  4- 6 |  7- 9 || total
-------------------------+-------+-------+-------++-------
Melee: War axe           |    88 |    54 |    35 ||   177
       Headbutt          |     9 |    13 |     7 ||    29
  Use: Scroll            |       |     7 |     3 ||    10
  Eat: Chunk             |     1 |     4 |       ||     5
Armor: Scale mail        |    43 |    16 |     1 ||    60
Dodge: Dodged            |    41 |    10 |     7 ||    58
Block: Shield            |    59 |    30 |    15 ||   104
